 Dungeon Crawl Stone Soup version 0.22-a0-274-gf8199ec (webtiles) character file.

129883 neds the Crack Shot (level 16, -2/146 HPs)
             Began as a Centaur Hunter on Mar 10, 2018.
             Was the Champion of Okawaru.
             Slain by an alligator snapping turtle (27 damage)
             ... on level 4 of the Shoals on Mar 13, 2018.
             The game lasted 06:49:04 (46979 turns).

neds the Crack Shot (Centaur Hunter)               Turns: 46979, Time: 06:49:05

Health: -2/146     AC: 34    Str: 18    XL:     16   Next: 51%
Magic:  22/22      EV:  6    Int: 10    God:    Okawaru [******]
Gold:   2530       SH:  0    Dex: 14    Spells: 13/15 levels left

rFire    . . .     SeeInvis .   V - +2 longbow (flame)
rCold    + . .     Gourm    .   (shield currently unavailable)
rNeg     + + .     Faith    .   z - +3 chain mail {rC+}
rPois    +         Spirit   .   o - +0 helmet
rElec    .         Reflect  .   B - +2 cloak
rCorr    .         Harm     .   Q - +0 pair of gloves {archery}
MR       ++++.     Clarity  +   A - +10 Black Knight's horse barding {ponderous, rPois rN+}
Stlth    ..........             g - amulet of the Four Winds {rN+ MR+++ Clar}
HPRegen  0.34/turn              U - ring of poison resistance
MPRegen  0.18/turn              J - ring of stealth

@: quick
A: large, hooves 3, deformed body, speed 2, tough skin 3
a: Heroism, Finesse, Renounce Religion


You were on level 4 of the Shoals.
You worshipped Okawaru.
Okawaru was exalted by your worship.
You were not hungry.

You visited 5 branches of the dungeon, and saw 28 of its levels.
You also visited: Ice Cave.

You collected 2989 gold pieces.
You spent 459 gold pieces at shops.

Inventory:

Hand Weapons
 a - a +2 demon trident of venom
 V - a +2 longbow of flaming (weapon)
Missiles
 d - 328 arrows (quivered)
Armour
 c - a +1 plate armour of cold resistance
 o - a +0 helmet (worn)
 s - a +2 centaur barding of fire resistance
 x - the +1 robe "Afyoff" {rPois rCorr Str-3 SInv}
   (You found it on level 5 of the Dungeon)

   It affects your strength (-3).
   It protects you from poison.
   It lets you see invisible.
   It protects you from acid and corrosion.
 z - a +3 chain mail of cold resistance (worn)
 A - the +10 Black Knight's horse barding (worn) {ponderous, rPois rN+}
   (Okawaru gifted it to you on level 1 of the Orcish Mines)

   It protects you from poison.
   It protects you from negative energy.
 B - a +2 cloak (worn)
 Q - a +0 pair of gloves of archery (worn)
Jewellery
 g - the amulet of the Four Winds (around neck) {rN+ MR+++ Clar}
   (You found it on level 1 of the Shoals)

   [amulet of nothing]

   It protects you from negative energy.
   It affects your resistance to hostile enchantments.
   It protects you against confusion.
 H - an uncursed ring of flight
 J - a ring of stealth (right hand)
 M - a +2 amulet of reflection
 R - an uncursed ring of protection from fire
 U - a ring of poison resistance (left hand)
Wands
 F - a wand of digging (20)
 N - a wand of enslavement (52)
 Z - a wand of paralysis (15)
Scrolls
 b - 5 scrolls of enchant armour
 j - 2 scrolls of blinking
 k - a scroll of fog
 l - 4 scrolls of immolation
 m - 9 scrolls of remove curse
 u - 4 scrolls of fear
 y - 2 scrolls of identify
 D - 7 scrolls of magic mapping
 I - 8 scrolls of teleportation
 S - 3 scrolls of acquirement
 T - a scroll of enchant weapon {unknown}
 W - a scroll of summoning {unknown}
 X - a scroll of torment {unknown}
 Y - 3 scrolls of brand weapon
Potions
 h - 4 potions of brilliance
 i - 14 potions of curing
 n - 5 potions of agility
 p - a potion of heal wounds
 q - 4 potions of magic
 r - 5 potions of haste
 t - a potion of ambrosia {unknown}
 v - 6 potions of mutation
 w - 2 potions of cancellation
 C - a potion of resistance {unknown}
 E - 4 potions of lignification
 G - 4 potions of berserk rage
 L - 4 potions of flight
 O - 3 potions of might
Miscellaneous
 e - a box of beasts
 P - a phantom mirror
Comestibles
 f - 31 rations


   Skills:
 + Level 14.3 Fighting
 + Level 23.6 Bows
 + Level 8.0 Armour
 - Level 6.1 Dodging
 - Level 0.4 Stealth
 - Level 8.2 Invocations
 - Level 9.0 Evocations


You had 13 spell levels left.
You knew the following spells:

 Your Spells              Type           Power        Failure   Level  Hunger
a - Swiftness             Chrm/Air       #.......     99%         2    ###....


Dungeon Overview and Level Annotations

Branches:
Dungeon (15/15)            Temple (1/1) D:6            Lair (6/6) D:10
 Shoals (4/4) Lair:4        Snake (0/4) Lair:3        Slime (0/5) Lair:6
    Orc (2/2) D:12            Elf (0/3) Orc:2        Vaults (0/5) D:14
 Depths (0/5) D:15

Altars:
Ashenzari
Cheibriados
Dithmenos
Elyvilon
Fedhas
Gozag
Hepliaklqana
Kikubaaqudgha
Makhleb
Nemelex Xobeh
Okawaru
Qazlal
Ru
Sif Muna
Trog
Uskayaw
Vehumet
Wu Jian
Xom
Yredelemnul
Zin
The Shining One
Jiyva

Shops:
D:4 !   D:5 :   D:6 (   D:10 :   Orc:2 (!**   Shoals:4 :

Annotations:
D:6 CLM's ghost, novice HOFi
Shoals:4 Bai Suzhen


Innate Abilities, Weirdness & Mutations

You have hooves in place of feet.
Armour fits poorly on your strangely shaped body.
You cover ground very quickly.
You have extremely tough skin. (AC +3)


Message History

The alligator snapping turtle is severely wounded.
The alligator snapping turtle bites you!!
* * * LOW HITPOINT WARNING * * *
You feel much better.
Firing (i - inventory)
d - 330 arrows (quivered)
Press: ? - help, Shift-Dir - straight line, f/p - alligator snapping turtle
Aim: an alligator snapping turtle (severely wounded)
You shoot an arrow.
The arrow hits the alligator snapping turtle but does no damage.
The alligator snapping turtle is severely wounded.
The alligator snapping turtle bites you but does no damage.
Firing (i - inventory)
d - 329 arrows (quivered)
Press: ? - help, Shift-Dir - straight line, f/p - alligator snapping turtle
Aim: an alligator snapping turtle (severely wounded)
You shoot an arrow.
The arrow hits the alligator snapping turtle!
The arrow burns the alligator snapping turtle.
The alligator snapping turtle is severely wounded.
The alligator snapping turtle bites you!!
You die...

≈≈≈.. ..≈......
≈≈≈≈. .(≈≈≈≈(≈≈
≈≈≈≈.##≈≈≈≈≈(≈≈
≈≈≈≈....≈≈≈≈(≈≈
≈≈≈≈≈≈≈≈≈(≈(≈≈≈
≈≈≈t...≈≈≈≈≈≈≈≈
≈≈≈...((≈≈≈≈≈≈≈
#)≈≈≈≈≈≈≈
#@≈≈≈≈≈≈≈
#t≈≈≈≈≈≈≈
.≈≈≈≈≈≈≈≈
≈≈≈≈≈≈≈≈≈≈
≈≈≈≈≈≈≈≈≈≈≈
≈≈≈≈≈≈≈≈≈≈≈≈
≈≈≈≈≈≈≈≈≈≈≈≈≈
≈≈≈≈≈≈≈≈≈≈≈≈≈≈


You could see an alligator snapping turtle.

Vanquished Creatures
  Rupert (Lair:6)
  A kraken (Shoals:3)
  The ghost of PeterLawrence the Fighter, a journeyman MiFi of Okawaru (Orc:2)
  Louise (Shoals:1)
  Aizul (Shoals:4)
  The ghost of tidbits the Martial Artist, a journeyman GnTm of Cheibriados (Lair:6)
  Nessos (Lair:4)
  2 merfolk javelineers (Shoals:3)
  Josephine (Lair:6)
  2 merfolk impalers
  6 hydras
  4 centaur warriors
  2 ogre magi
  3 orc high priests (Orc:2)
  13 two-headed ogres
  A merfolk aquamancer (Shoals:3)
  6 death yaks
  14 sea snakes
  3 wizards (D:15)
  A lindwurm (Lair:4)
  3 unseen horrors
  Pikel (D:5)
  5 harpies
  14 ugly things
  A wolf spider zombie (D:15)
  4 orc knights (Orc:2)
  4 orc sorcerers
  A necromancer (Lair:5)
  7 cyclopes
  2 deep elf magi (D:14)
  A wolf spider (Lair:6)
  5 fauns
  9 manticores
  2 centaur zombies
  4 merfolk sirens
  3 elephants (Lair:6)
  2 water nymphs (Shoals:3)
  10 black mambas
  A guardian serpent (Lair:6)
  8 gargoyles
  A naga mage (D:15)
  18 spiny frogs
  A komodo dragon (shapeshifter) (D:14)
  2 kobold demonologists
  3 rime drakes (Lair:2)
  4 komodo dragons
  A harpy zombie (D:14)
  3 meliai (D:14)
  5 hornets
  A troll (D:13)
  17 polar bears
  15 merfolk
  5 wind drakes
  4 blink frogs (Lair:5)
  Grinder (D:4)
  8 hippogriffs
  13 dream sheep
  4 snapping turtles
  A meliai zombie (D:14)
  2 redbacks (Lair:6)
  A centaur simulacrum (D:14)
  A spriggan (D:7)
  46 yaks
  5 wraiths (Lair:6)
  The ghost of ThereIsNoGod the Magician, an amateur SpVM (D:5)
  15 wyverns
  5 water elementals (Shoals:3)
  2 basilisks
  3 hungry ghosts
  Edmund (D:5)
  3 wargs (Orc:1)
  16 water moccasins
  9 porcupines
  22 orc warriors
  3 ice beasts
  5 sky beasts
  An eye of draining (D:13)
  3 phantoms
  A black bear (D:11)
  15 ogres
  A slave (D:6)
  5 necrophages
  14 wolves (IceCv)
  An elephant zombie (Lair:5)
  19 centaurs
  5 boggarts (D:15)
  19 crocodiles
  3 big kobolds
  17 bullfrogs
  A wyvern zombie (D:12)
  A wyvern skeleton (D:13)
  3 scorpions
  6 killer bees (D:8)
  11 wights
  3 electric eels
  4 howler monkeys (D:13)
  7 crimson imps
  2 bullfrog zombies (D:13)
  Crazy Yiuf (D:4)
  5 centaur skeletons
  5 jellies
  A basilisk zombie (Lair:5)
  21 orc priests
  8 hounds
  19 orc wizards
  5 bullfrog skeletons
  4 iguanas
  16 worker ants
  15 hell rats
  A killer bee zombie (D:6)
  A hound zombie (D:10)
  A hound skeleton (D:5)
  Robin (D:2)
  A worker ant zombie (D:9)
  4 gnolls
  9 adders
  12 river rats (Lair:4)
  3 shadow imps
  2 adder skeletons
  2 worms
  3 dart slugs
  3 leopard geckos
  79 orcs
  A ball python (D:6)
  2 bats
  6 giant cockroaches
  16 goblins
  7 hobgoblins
  3 quokkas
  2 frilled lizards (D:4)
  A jackal skeleton (D:6)
  17 kobolds
  A leopard gecko skeleton (D:8)
  3 quokka skeletons
  5 rats
  4 plants
  A tentacle (Shoals:3)
832 creatures vanquished.

Vanquished Creatures (others)
  3 polar bears (IceCv)
  3 slaves (D:6)
  A centaur (Lair:4)
  31 fungi
  24 plants
  23 tentacles (Shoals:3)
85 creatures vanquished.

Grand Total: 917 creatures vanquished

Notes
Turn   | Place    | Note
-------+----------+-------------------------------------------
     0 | D:1      | neds the Centaur Hunter began the quest for the Orb.
     0 | D:1      | Reached XP level 1. HP: 17/17 MP: 1/1
   680 | D:2      | Reached XP level 2. HP: 23/24 MP: 2/2
   681 | D:2      | Reached skill level 6 in Bows
   712 | D:2      | Found a sacrificial altar of Ru.
  1087 | D:2      | Found a hazy altar of Hepliaklqana.
  1175 | D:2      | Found a runed door.
  1179 | D:2      | Noticed Crazy Yiuf
  1320 | D:2      | Reached XP level 3. HP: 27/29 MP: 3/3
  1488 | D:2      | Reached skill level 7 in Bows
  1614 | D:3      | Noticed Robin
  2017 | D:3      | Noticed a necrophage
  2031 | D:2      | Killed a necrophage
  2031 | D:2      | Reached skill level 8 in Bows
  2031 | D:2      | Reached XP level 4. HP: 36/36 MP: 4/4
  2031 | D:2      | Reached XP level 5. HP: 41/41 MP: 5/5
  2045 | D:2      | Killed Robin
  2173 | D:3      | Found a blossoming altar of Fedhas.
  2768 | D:3      | Reached skill level 9 in Bows
  3577 | D:3      | Reached XP level 6. HP: 46/48 MP: 6/6
  3842 | D:4      | Reached skill level 10 in Bows
  3912 | D:4      | Found a burning altar of Makhleb.
  3933 | D:4      | Reached XP level 7. HP: 55/55 MP: 7/7
  3993 | D:4      | Reached skill level 11 in Bows
  4282 | D:4      | Found Bihaoni's Distillery.
  4296 | D:4      | Bought a potion of degeneration for 14 gold pieces
  4296 | D:4      | Bought a potion of curing for 42 gold pieces
  4340 | D:4      | Killed Crazy Yiuf
  4609 | D:4      | Noticed Grinder
  4612 | D:4      | Paralysed by Grinder for 7 turns
  4675 | D:4      | Killed Grinder
  4675 | D:4      | Reached skill level 12 in Bows
  5278 | D:5      | Entered Level 5 of the Dungeon
  5287 | D:5      | Reached XP level 8. HP: 61/61 MP: 8/8
  5377 | D:5      | Reached skill level 13 in Bows
  5471 | D:5      | Found Wyinyl Ugg's Book Boutique.
  5527 | D:5      | Got a heavy robe
  5570 | D:5      | Noticed ThereIsNoGod's ghost (amateur SpVM)
  5594 | D:5      | Killed ThereIsNoGod's ghost
  5764 | D:5      | Reached skill level 14 in Bows
  5781 | D:5      | Noticed Edmund
  6131 | D:5      | Killed Edmund
  6379 | D:5      | Identified the +1 robe "Afyoff" {rPois rCorr Str-3 SInv} (You found it on level 5 of the Dungeon)
  6720 | D:6      | Reached skill level 15 in Bows
  6917 | D:5      | Reached XP level 9. HP: 39/67 MP: 9/9
  7435 | D:6      | Found a staircase to the Ecumenical Temple.
  7475 | Temple   | Entered the Ecumenical Temple
  7758 | D:6      | Found an iron altar of Okawaru.
  7758 | D:6      | Found an ornate altar of the Wu Jian Council.
  7760 | D:6      | Found a hide-covered altar of Uskayaw.
  7880 | D:6      | Found Dakesihu's Antique Weapon Shop.
  7974 | D:6      | Noticed CLM's ghost (novice HOFi)
  8049 | D:6      | Noticed Pikel
  8280 | D:5      | Killed Pikel
  8280 | D:5      | Reached skill level 16 in Bows
  8651 | D:6      | Found a shattered altar of Ashenzari.
  8752 | D:7      | Noticed an unseen horror
  8777 | D:7      | Killed an unseen horror
  8777 | D:7      | Reached skill level 17 in Bows
  9064 | D:7      | Found a sparkling altar of Nemelex Xobeh.
  9301 | D:7      | Reached XP level 10. HP: 38/73 MP: 10/10
  9554 | D:6      | Became a worshipper of Warmaster Okawaru
  9780 | D:7      | Found a shattered altar of Ashenzari.
  9841 | D:7      | Found a bloodstained altar of Trog.
  9886 | D:7      | Found a deep blue altar of Sif Muna.
 10058 | D:7      | Reached skill level 18 in Bows
 10578 | D:8      | Noticed a two-headed ogre
 10614 | D:8      | Killed a two-headed ogre
 11522 | D:8      | Noticed a two-headed ogre
 11566 | D:8      | Killed a two-headed ogre
 11566 | D:8      | Reached * piety under Okawaru
 11566 | D:8      | Reached skill level 19 in Bows
 11826 | D:8      | Reached ** piety under Okawaru
 12734 | D:9      | Noticed a green ugly thing
 12803 | D:9      | Killed a green ugly thing
 12803 | D:9      | Reached skill level 20 in Bows
 12930 | D:9      | Reached *** piety under Okawaru
 13111 | D:9      | Reached XP level 11. HP: 79/79 MP: 11/11
 13127 | D:9      | Noticed a two-headed ogre
 13154 | D:9      | Killed a two-headed ogre
 13387 | D:9      | Found a stormy altar of Qazlal.
 13448 | D:9      | Found a snail-covered altar of Cheibriados.
 13826 | D:10     | Entered Level 10 of the Dungeon
 13852 | D:10     | Found Netec's Book Shop.
 13917 | D:10     | Reached skill level 1 in Invocations
 14026 | D:10     | Reached **** piety under Okawaru
 14178 | D:10     | Found a staircase to the Lair.
 14683 | D:10     | Noticed a white ugly thing
 14786 | D:10     | Killed a white ugly thing
 14786 | D:10     | Reached skill level 1 in Evocations
 14930 | D:11     | Noticed a two-headed ogre
 15024 | D:11     | Noticed a white ugly thing
 15042 | Lair:1   | Entered Level 1 of the Lair of Beasts
 15159 | D:10     | Received a gift from Okawaru
 15306 | Lair:1   | Reached skill level 5 in Fighting
 15408 | Lair:1   | Reached ***** piety under Okawaru
 15487 | Lair:1   | Learned a level 2 spell: Swiftness
 16188 | Lair:2   | Found a frozen archway.
 16236 | IceCv    | Entered an ice cave
 16251 | IceCv    | Received a gift from Okawaru
 17553 | IceCv    | Reached XP level 12. HP: 78/96 MP: 15/15
 17689 | IceCv    | Received a gift from Okawaru
 17941 | IceCv    | Reached skill level 5 in Invocations
 18474 | IceCv    | Noticed a death yak
 18529 | IceCv    | Killed a death yak
 18529 | IceCv    | Received a gift from Okawaru
 18602 | IceCv    | Reached skill level 5 in Evocations
 19403 | IceCv    | Noticed a frost giant
 19815 | IceCv    | Received a gift from Okawaru
 22054 | Lair:2   | Received a gift from Okawaru
 22380 | Lair:2   | Noticed a six-headed hydra
 22431 | Lair:2   | Killed a six-headed hydra
 22431 | Lair:2   | Received a gift from Okawaru
 23348 | Lair:3   | Found a staircase to the Snake Pit.
 23426 | Lair:3   | Noticed a seven-headed hydra
 23446 | Lair:3   | Killed a seven-headed hydra
 24285 | Lair:3   | Noticed a catoblepas
 24870 | Lair:4   | Reached XP level 13. HP: 110/110 MP: 19/19
 25057 | Lair:4   | Noticed Nessos
 25529 | D:11     | Reached skill level 1 in Armour
 27221 | D:11     | Received a gift from Okawaru
 28122 | D:12     | Received a gift from Okawaru
 28245 | D:12     | Found a staircase to the Orcish Mines.
 28712 | Orc:1    | Entered Level 1 of the Orcish Mines
 29173 | Orc:1    | Reached skill level 10 in Fighting
 29230 | Orc:1    | Received a gift from Okawaru
 29231 | Orc:1    | Found the +10 Black Knight's horse barding {ponderous, rPois rN+}
 29868 | Orc:2    | Entered Level 2 of the Orcish Mines
 29944 | Orc:2    | Noticed PeterLawrence's ghost (journeyman MiFi)
 31550 | Orc:2    | Killed PeterLawrence's ghost
 31760 | Orc:2    | Found a staircase to the Elven Halls.
 31909 | Orc:2    | Paralysed by an orc sorcerer for 4 turns
 32313 | Orc:2    | Paralysed by an orc sorcerer for 5 turns
 32324 | Orc:2    | Reached skill level 5 in Dodging
 32792 | Orc:2    | Reached XP level 14. HP: 121/121 MP: 14/20
 32887 | Orc:2    | Reached skill level 5 in Armour
 32892 | Orc:2    | Paralysed by an orc sorcerer for 3 turns
 32981 | Orc:2    | Received a gift from Okawaru
 33027 | Orc:2    | Found Gamaskyt's General Store.
 33027 | Orc:2    | Found Uthykegh's Assorted Antiques.
 33030 | Orc:2    | Found Deklodinn's Distillery.
 33030 | Orc:2    | Found Bettaseapi's Antique Weapon Emporium.
 33060 | Orc:2    | Bought a scroll labeled MILADGHUDEV for 28 gold pieces
 33063 | Orc:2    | Bought a potion of haste for 150 gold pieces
 33063 | Orc:2    | Bought a potion of haste for 150 gold pieces
 33063 | Orc:2    | Bought a potion of heal wounds for 75 gold pieces
 33623 | Lair:4   | Killed Nessos
 33717 | Lair:4   | Found a staircase to the Shoals.
 34328 | Lair:5   | Received a gift from Okawaru
 35659 | Lair:6   | Entered Level 6 of the Lair of Beasts
 35846 | Lair:6   | Reached skill level 21 in Bows
 35925 | Lair:6   | Noticed tidbits's ghost (journeyman GnTm)
 35940 | Lair:6   | Killed tidbits's ghost
 35988 | Lair:6   | Noticed Josephine
 35994 | Lair:6   | Killed Josephine
 36600 | Lair:6   | Found a staircase to the Slime Pits.
 36612 | Lair:6   | Found a viscous altar of Jiyva.
 36656 | Lair:6   | Noticed Rupert
 36737 | Lair:6   | Killed Rupert
 36764 | Lair:6   | Received a gift from Okawaru
 37161 | Lair:6   | Reached XP level 15. HP: 116/130 MP: 21/21
 37428 | Lair:6   | Received a gift from Okawaru
 39365 | Shoals:1 | Entered Level 1 of the Shoals
 39371 | Shoals:1 | Reached ****** piety under Okawaru
 39374 | Shoals:1 | Received a gift from Okawaru
 39499 | Shoals:1 | Received a gift from Okawaru
 39778 | Shoals:1 | Received a gift from Okawaru
 39778 | Shoals:1 | Reached skill level 22 in Bows
 39877 | Shoals:1 | Noticed Louise
 39916 | Shoals:1 | Killed Louise
 39974 | Shoals:1 | Received a gift from Okawaru
 40004 | Shoals:1 | Found the amulet of the Four Winds {rN+ MR+++ Clar}
 41075 | Shoals:3 | Noticed a kraken
 41298 | Shoals:3 | Killed a kraken
 42484 | Shoals:4 | Entered Level 4 of the Shoals
 42484 | Shoals:4 | Noticed Bai Suzhen
 42685 | Shoals:4 | Found Misyavatt's Book Emporium.
 42707 | Shoals:4 | Identified 3 scrolls of acquirement
 43007 | Shoals:3 | Upgraded the game from 0.22-a0-271-gc000056 to 0.22-a0-274-gf8199ec
 43262 | D:13     | Received a gift from Okawaru
 43262 | D:13     | Reached XP level 16. HP: 131/144 MP: 22/22
 43336 | D:14     | Reached skill level 23 in Bows
 43806 | D:14     | Found a gate to the Vaults.
 44669 | D:14     | Got a faintly glowing bone amulet
 44760 | D:14     | Identified the amulet "Xacas" {Regen+ Int+4} (You found it on level 14 of the Dungeon)
 44765 | D:15     | Entered Level 15 of the Dungeon
 44796 | D:15     | Received a gift from Okawaru
 45046 | D:15     | Found a shattered altar of Ashenzari.
 45962 | D:15     | Found a staircase to the Depths.
 46731 | Shoals:4 | Noticed Aizul
 46741 | Shoals:4 | Killed Aizul
 46976 | Shoals:4 | HP: 4/146 [alligator snapping turtle (28)]
 46979 | Shoals:4 | Slain by an alligator snapping turtle

Vault maps used:
D:1:      roderic_crop_circles_arrival_small, dk_noncrumbling_2
D:2:      marbit_many_paths, lemuel_coloured_pillars_altar,
          minmay_stone_trees_medium, kennysheep_generic_room_7,
          uniq_crazy_yiuf_cottage
D:3:      fedhas_altar_1, first_ration, minmay_quantized, uniq_robin
D:4:      lemuel_round_altar, serial_shops, shop, uniq_grinder
D:5:      serial_shops, shop, uniq_edmund
D:6:      cheibrodos_ashenzari_chains, nicolae_overflow_hidden_temple,
          minmay_temple_entry_glass, serial_shops, shop, uniq_pikel
D:7:      kennysheep_orc_sif_temple, kennysheep_mini_moat, basic_altar,
          the_bakery, trog_hazing_becter
D:9:      lemuel_round_altar, grunt_qazlal_clouds, minmay_joined_circles
D:10:     minmay_lair_entry_grove, serial_shops, shop_statue
D:12:     hiddenorc1_lemuel
D:14:     david_vaults_2, grunt_decor_fettered
D:15:     grunt_enter_depths_magical_seal, basic_altar
Temple:   bh_familiar_temple
Lair:2:   portal_ice_cave_rime, gammafunk_lair_bear_cave, lemuel_fruit_tree
Lair:3:   dummy_snake_entry, serial_bayou_pond_d, grunt_megastairs_3
Lair:4:   cheibrodos_lair_overgrown_chateau, minmay_shoals_entry_centaurs,
          kennysheep_rathole, grunt_megastairs_2, uniq_nessos
Lair:5:   pond_and_an_island_with_a_cottage
Lair:6:   hangedman_lair_tendril_chambers, slime_altar_1, uniq_josephine,
          uniq_rupert
Shoals:1: nicolae_shoals_arrival_archipelago, uniq_louise
Shoals:3: ldierk_geyser, nicolae_shoals_circle_sea_wall
Shoals:4: shoals_end_hangedman, shoals_ilsuiw_ice, serial_shops, shop,
          uniq_bai_suzhen, uniq_aizul, uniq_kirke, uniq_polyphemus
Orc:2:    grunt_orc_tribal_feast
IceCv:    ice_cave_caverns_03

Skill      XL: |  1  2  3  4  5  6  7  8  9 10 11 12 13 14 15 16 |
---------------+-------------------------------------------------+-----
Bows           | 6 8 9 10 12 15 17 20 21 22 23 | 23.6
Invocations    | 4 8 |  8.2
Fighting       | 6 8 10 11 13 14 | 14.3
Evocations     | 4 7 9 |  9.0
Armour         | 4 7 8 |  8.0
Dodging        | 5 6 |  6.1
Stealth        | |  0.4

Action                   |  1- 3 |  4- 6 |  7- 9 | 10-12 | 13-15 | 16-18 || total
-------------------------+-------+-------+-------+-------+-------+-------++-------
Melee: Longbow           |       |       |       |       |       |     1 ||     1
 Fire: Shortbow          |    87 |   131 |   518 |  1253 |   755 |       ||  2744
       Longbow           |       |       |       |       |  1175 |   258 ||  1433
 Cast: Swiftness         |       |       |       |     1 |       |       ||     1
Invok: Finesse           |       |       |       |     2 |     7 |       ||     9
Evoke: Wand              |       |       |       |       |     2 |       ||     2
  Use: Scroll            |       |       |     2 |    11 |    16 |     2 ||    31
       Potion            |       |       |       |     4 |     1 |     2 ||     7
  Eat: Chunk             |     2 |     4 |    12 |    20 |    26 |     9 ||    73
       Ration            |       |       |       |     6 |     5 |     1 ||    12
Armor: Leather armour    |    10 |     4 |     6 |       |       |       ||    20
       Robe              |       |       |    41 |    52 |    18 |       ||   111
       Skin              |       |       |       |    90 |       |       ||    90
       Chain mail        |       |       |       |       |   269 |    72 ||   341
Dodge: Dodged            |     8 |     6 |    64 |    63 |    87 |    15 ||   243
Block: Other             |       |       |       |       |     6 |       ||     6
       Reflection        |       |       |       |       |     2 |       ||     2

Table legend:
 A = Spawn XP
 B = Non-spawn XP
 C = Spawn XP percentage of total XP
 D = Spawn monster count
 E = Non-spawn monster count
 F = Spawn count percentage of total count
 G = Total turns spent on level
                    A         B        C        D         E        F      G
               +---------+---------+-------+---------+---------+-------+---------
         Total |       0 |  185548 |   0.0 |       0 |     827 |   0.0 | 46979
               +---------+---------+-------+---------+---------+-------+---------
           D:1 |       0 |       8 |   0.0 |       0 |       5 |   0.0 |   737
           D:2 |       0 |     195 |   0.0 |       0 |      25 |   0.0 |  1186
           D:3 |       0 |     213 |   0.0 |       0 |      30 |   0.0 |  1917
           D:4 |       0 |     948 |   0.0 |       0 |      17 |   0.0 |  1561
           D:5 |       0 |    2312 |   0.0 |       0 |      30 |   0.0 |  1883
           D:6 |       0 |     485 |   0.0 |       0 |      17 |   0.0 |  1510
           D:7 |       0 |    1820 |   0.0 |       0 |      25 |   0.0 |  1384
           D:8 |       0 |    3025 |   0.0 |       0 |      28 |   0.0 |  2097
           D:9 |       0 |    4219 |   0.0 |       0 |      32 |   0.0 |  1367
          D:10 |       0 |    4259 |   0.0 |       0 |      25 |   0.0 |  1526
          D:11 |       0 |    6013 |   0.0 |       0 |      25 |   0.0 |  1943
          D:12 |       0 |    5724 |   0.0 |       0 |      49 |   0.0 |  1813
          D:13 |       0 |    4981 |   0.0 |       0 |      34 |   0.0 |  1151
          D:14 |       0 |   14348 |   0.0 |       0 |      33 |   0.0 |  1822
          D:15 |       0 |   15379 |   0.0 |       0 |      37 |   0.0 |  1323
        Lair:1 |       0 |    2051 |   0.0 |       0 |      10 |   0.0 |  1107
        Lair:2 |       0 |    5662 |   0.0 |       0 |      21 |   0.0 |  2018
        Lair:3 |       0 |    4445 |   0.0 |       0 |      18 |   0.0 |  1124
        Lair:4 |       0 |   10101 |   0.0 |       0 |      45 |   0.0 |  2028
        Lair:5 |       0 |   11161 |   0.0 |       0 |      41 |   0.0 |  1734
        Lair:6 |       0 |   21505 |   0.0 |       0 |      65 |   0.0 |  2495
      Shoals:1 |       0 |   14786 |   0.0 |       0 |      27 |   0.0 |   955
      Shoals:2 |       0 |    7860 |   0.0 |       0 |      15 |   0.0 |   928
      Shoals:3 |       0 |   17437 |   0.0 |       0 |      38 |   0.0 |  1997
      Shoals:4 |       0 |    4334 |   0.0 |       0 |       6 |   0.0 |   100
         Orc:1 |       0 |    4253 |   0.0 |       0 |      53 |   0.0 |  1678
         Orc:2 |       0 |    9671 |   0.0 |       0 |      36 |   0.0 |  1602
         IceCv |       0 |    8353 |   0.0 |       0 |      40 |   0.0 |  5809
               +---------+---------+-------+---------+---------+-------+---------
